 Dungeon Crawl Stone Soup version 0.29.1-1-gd02db6906a (webtiles) character file.

Game seed: 681240048577596766

12586 nshep25 the Basher (level 11, 0/101 HPs)
             Began as a Minotaur Fighter on Sept 30, 2022.
             Was the Champion of Cheibriados.
             Engulfed by a cloud of flame (38 damage)
             ... on level 10 of the Dungeon.
             The game lasted 00:37:57 (9667 turns).

nshep25 the Basher (Minotaur Fighter)               Turns: 9667, Time: 00:37:58

Health: 0/101      AC: 20    Str: 39    XL:     11   Next: 64%
Magic:  11/11      EV: 12    Int: 24    God:    Cheibriados [******]
Gold:   454        SH: 14    Dex: 26    Spells: 10/10 levels left

rFire   . . .      SeeInvis +   I - +3 whip (vamp)
rCold   + . .      Faith    .   m - +0 kite shield
rNeg    . . .      Spirit   .   i - +0 plate armour
rPois   +          Reflect  .   (helmet restricted)
rElec   .          Harm     .   B - +1 cloak
rCorr   .          Rampage  .   o - +1 pair of gloves "Yggouk" {rPois Will+ Int+4}
Will    +....                   (no boots)
Stlth   ..........              (no amulet)
HPRegen 0.26/turn               r - +4 ring of slaying
MPRegen 0.12/turn               s - ring of see invisible

@: very slow
A: horns 2, retaliatory headbutt, hooves 1, cold resistance 1, noise suppression
a: Renounce Religion, Bend Time, Temporal Distortion, Slouch, Step From Time


You were on level 10 of the Dungeon.
You worshipped Cheibriados.
Cheibriados was exalted by your worship.
You visited 2 branches of the dungeon, and saw 11 of its levels.

You collected 754 gold pieces.
You spent 300 gold pieces at shops.

Inventory:

Hand Weapons
 h - a +0 dire flail
 I - a +3 vampiric whip (weapon)
 J - a +0 morningstar
Missiles
 f - 3 throwing nets (quivered)
Armour
 i - a +0 plate armour (worn)
 m - a +0 kite shield (worn)
 o - the +1 pair of gloves "Yggouk" (worn) {rPois Will+ Int+4}
   (You found it on level 2 of the Dungeon)

   Int:       It affects your intelligence (+4).
   rPois:     It protects you from poison.
   Will:      It increases your willpower.
 y - a +0 pair of boots
 B - a +1 cloak (worn)
Jewellery
 a - a ring of wizardry
 r - a +4 ring of slaying (left hand)
 s - a ring of see invisible (right hand)
 x - a ring of protection from cold
 C - a ring of protection from cold
 D - a ring of protection from cold
Wands
 E - a wand of paralysis (13)
 F - a wand of flame (43)
 G - a wand of acid (11)
Scrolls
 e - a scroll of magic mapping
 g - 2 scrolls of fear
 l - 11 scrolls of teleportation
 p - a scroll of amnesia
 u - 2 scrolls of silence
 v - a scroll of butterflies
 w - a scroll of immolation
Potions
 b - a potion of lignification
 c - 2 potions of resistance {unknown}
 d - 5 potions of might
 j - a potion of cancellation
 k - a potion of invisibility {unknown}
 q - 4 potions of magic
 t - 3 potions of curing
 z - 5 potions of berserk rage
 A - 3 potions of brilliance
 H - a potion of attraction {unknown}
 K - a potion of heal wounds {unknown}


   Skills:
 + Level 10.5 Fighting
 + Level 12.6 Maces & Flails
 + Level 11.8 Armour
 + Level 6.1 Dodging
 + Level 4.4 Stealth
 + Level 9.9 Shields
 * Level 1.4 Invocations


You had 10 spell levels left.
You didn't know any spells.
Your spell library contained the following spells:

 Spells                   Type           Power      Damage    Failure   Level
 Apportation              Tloc           0%         N/A       82%         1
 Slow                     Hex            0%         N/A       82%         1
 Poisonous Vapours        Pois/Air       0%         N/A       91%         2
 Sublimation of Blood     Necr           0%         N/A       91%         2
 Confusing Touch          Hex            0%         N/A       99%         3
 Dazzling Flash           Conj/Hex       0%         N/A       99%         3
 Vampiric Draining        Necr           0%         2d6       99%         3
 Animate Armour           Summ/Erth      0%         N/A       100%        4
 Corpse Rot               Necr/Pois/Air  0%         N/A       100%        4
 Fulminant Prism          Conj/Hex       0%         3d6       100%        4
 Iskenderun's Mystic Bla  Conj/Tloc      0%         2d3       100%        4
 Petrify                  Tmut/Erth      0%         N/A       100%        4
 Alistair's Intoxication  Tmut/Pois      0%         N/A       100%        5
 Blade Hands              Tmut           0%         N/A       100%        5
 Irradiate                Conj/Tmut      0%         3d11      100%        5
 Lee's Rapid Deconstruct  Erth           0%         3d5*      100%        5
 Iron Shot                Conj/Erth      0%         9d1       100%        6
 Starburst                Conj/Fire      0%         6d3       100%        6


Dungeon Overview and Level Annotations

Branches:
Dungeon (10/15)            Temple (1/1) D:4            Lair (0/5) D:9
    Orc: D:9-12

Altars:
Ashenzari
Cheibriados
Dithmenos
Elyvilon
Fedhas
Gozag
Hepliaklqana
Kikubaaqudgha
Makhleb
Nemelex Xobeh
Okawaru
Qazlal
Ru
Sif Muna
Trog
Uskayaw
Vehumet
Wu Jian
Xom
Yredelemnul
Zin
The Shining One

Shops:
D:2 [   D:6 *


Innate Abilities, Weirdness & Mutations

You have a pair of horns on your head.
You reflexively headbutt those who attack you in melee.
You have large cloven feet.
Your flesh is cold resistant. (rC+)
You passively dampen the noise of your surroundings.


Message History

Cheibriados appreciates the change of pace.
You block the yak's attack.
You hit the yak. You headbutt the yak.
The yak is lightly wounded.
You completely miss the yak. Your kick misses the yak.
The yak is lightly wounded.
You block the yak's attack.
You whack the yak! You kick the yak. You headbutt the yak!
The yak is almost dead.
You whack the yak!
You kill the yak!
Cheibriados appreciates the change of pace.
c - 2 amethyst potions (gained 1)
You see here a yak corpse.
You pick up a book of Vapours and begin reading...
You add the spells Poisonous Vapours and Corpse Rot to your library.
As you read the scroll of identify, it crumbles to dust.
b - a potion of lignification
Found a short sword.
You open the door.
There is an open door here.
There is an open door here.
You open the door.
There is an open door here.
You now have 454 gold pieces (gained 18).
You're in a travel-excluded area, stopping explore.
Really walk into a travel-excluded area? [Y]es or [N]o only, please.
Really walk into a travel-excluded area?
Okay, then.
Press: ? - help, . - travel You can't see that place. [a rock wall.]
Press: ? - help, v - describe, . - travel A granite statue.
Really walk into a travel-excluded area?
You are engulfed in blazing flames.
You are engulfed in blazing flames.
You are engulfed in blazing flames.
You die...

+.......#.#............
#.......#.#............
....#.#............
#.+#.#............ #
#....#........[... ##.
#....#............
#########☼...#............
..§#8#☼§☼☼...'............
#########@...###########'#
##§ #.........)....... #.
#§# #.................
#.####§####.......##########
#...°°............#
#...°...+##.......#
#.................#
#.................##########
#........######.............


There were no monsters in sight!

Vanquished Creatures
  A two-headed ogre (D:6)
  Joseph (D:7)
  Maggie (D:6)
  A kobold demonologist (D:9)
  Prince Ribbit (D:7)
  A wraith (D:10)
  Sigmund (D:5)
  A vampire (D:5)
  A shadow (D:5)
  A wyvern (D:9)
  A basilisk (D:9)
  20 yaks
  2 steam dragons
  Menkaure (D:7)
  2 acid dragons
  Duvessa (D:7)
  2 water moccasins
  6 black bears
  2 orc warriors
  An ice beast (D:5)
  2 sky beasts
  2 ogres
  2 centaurs (D:8)
  2 phantoms
  3 kobold brigands
  Blork the orc (D:4)
  6 bullfrogs
  3 gnoll sergeants
  2 necrophages (D:7)
  2 scorpions (D:5)
  8 wights
  Dowan (D:7)
  10 killer bees
  5 howler monkeys
  5 hounds
  2 jellies
  Terence (D:3)
  2 iguanas (D:5)
  6 orc wizards
  11 adders
  22 gnolls
  5 shadow imps
  4 worms
  A dart slug (D:1)
  23 orcs
  7 ball pythons
  9 endoplasms
  8 giant cockroaches
  3 goblins
  5 hobgoblins
  7 jackals
  24 kobolds
  8 quokkas
  7 bats
  5 frilled lizards
  4 rats
  A butterfly (D:3)
267 creatures vanquished.

Vanquished Creatures (others)
  A fungus (D:9)
  2 plants (D:9)
3 creatures vanquished.

Grand Total: 270 creatures vanquished

Notes
Turn   | Place    | Note
-------+----------+-------------------------------------------
     0 | D:1      | nshep25 the Minotaur Fighter began the quest for the Orb.
     0 | D:1      | Reached XP level 1. HP: 19/19 MP: 0/0
   159 | D:1      | Found a faded altar of an unknown god.
   190 | D:1      | Reached XP level 2. HP: 27/27 MP: 1/1
   699 | D:1      | Reached XP level 3. HP: 31/33 MP: 2/2
  1111 | D:2      | Reached skill level 3 in Maces & Flails
  1137 | D:2      | Identified the +1 pair of gloves "Yggouk" {rPois Will+
                  | Int+4}
  1154 | D:2      | Identified the +1 robe of the Dolphin {Int+2}
  1206 | D:2      | Reached XP level 4. HP: 40/41 MP: 3/3
  1211 | D:2      | Found Kidonog's Antique Armour Boutique.
  1576 | D:2      | You fall into a shaft and drop 2 floors!
  1648 | D:3      | Noticed Terence
  1652 | D:3      | Killed Terence
  1691 | D:3      | Reached skill level 4 in Maces & Flails
  1696 | D:3      | Reached skill level 1 in Dodging
  1696 | D:3      | Reached XP level 5. HP: 18/47 MP: 4/4
  2579 | D:3      | Found a shimmering altar of Xom.
  2714 | D:3      | Found a snail-covered altar of Cheibriados.
  2727 | D:3      | Became a worshipper of Cheibriados the Contemplative
  2816 | D:4      | Found a staircase to the Ecumenical Temple.
  2828 | Temple   | Entered the Ecumenical Temple
  2903 | D:4      | Found a broken altar of Ashenzari.
  2913 | D:4      | Noticed Blork the orc
  2924 | D:4      | Killed Blork the orc
  2925 | D:4      | Reached skill level 5 in Fighting
  2925 | D:4      | Reached skill level 5 in Maces & Flails
  2925 | D:4      | Reached XP level 6. HP: 18/56 MP: 5/5
  3262 | D:4      | Reached skill level 5 in Armour
  3326 | D:4      | Found a hide-covered altar of Uskayaw.
  3520 | D:5      | Entered Level 5 of the Dungeon
  3572 | D:2      | Bought a pair of boots for 81 gold pieces
  3572 | D:2      | Bought a runed cloak for 135 gold pieces
  3684 | D:5      | Noticed a shadow
  3691 | D:5      | Killed a shadow
  3692 | D:5      | Reached skill level 6 in Maces & Flails
  3692 | D:5      | Reached XP level 7. HP: 59/61 MP: 6/6
  3708 | D:5      | Noticed Sigmund
  3716 | D:5      | Killed Sigmund
  3764 | D:5      | Reached skill level 7 in Maces & Flails
  3920 | D:5      | Reached * piety under Cheibriados
  3988 | D:5      | Reached XP level 8. HP: 50/70 MP: 7/7
  4392 | D:5      | Reached skill level 5 in Shields
  4467 | D:5      | Reached skill level 8 in Maces & Flails
  4524 | D:5      | Found a transporter.
  4529 | D:5      | Found a transporter.
  4539 | D:5      | Found a stormy altar of Qazlal.
  4659 | D:5      | Found a hazy altar of Hepliaklqana.
  5054 | D:5      | Reached skill level 1 in Stealth
  5153 | D:6      | Reached ** piety under Cheibriados
  5179 | D:6      | Found a glowing golden altar of the Shining One.
  5179 | D:6      | Found a shimmering blue altar of Sif Muna.
  5179 | D:6      | Found an ancient bone altar of Kikubaaqudgha.
  5219 | D:6      | Reached skill level 9 in Maces & Flails
  5227 | D:6      | Found Capos's General Store.
  5235 | D:6      | Bought a potion of might for 56 gold pieces
  5235 | D:6      | Bought a scroll of identify for 28 gold pieces
  5236 | D:6      | Reached skill level 10 in Maces & Flails
  5236 | D:6      | Reached skill level 5 in Dodging
  5237 | D:6      | Reached XP level 9. HP: 82/82 MP: 8/8
  5271 | D:6      | Reached XP level 10. HP: 69/90 MP: 9/9
  5313 | D:6      | Noticed a two-headed ogre
  5321 | D:6      | Killed a two-headed ogre
  5605 | D:6      | Reached skill level 11 in Maces & Flails
  5605 | D:6      | Reached skill level 10 in Armour
  5800 | D:6      | Noticed Maggie
  5808 | D:6      | Killed Maggie
  5958 | D:6      | Found a radiant altar of Vehumet.
  6229 | D:6      | Found an iron altar of Okawaru.
  6311 | D:7      | Noticed Prince Ribbit
  6311 | D:7      | Noticed Menkaure
  6321 | D:7      | Killed Prince Ribbit
  6323 | D:7      | Killed Menkaure
  6646 | D:7      | Reached *** piety under Cheibriados
  6829 | D:7      | Found a glowing silver altar of Zin.
  6890 | D:7      | Found a bloodstained altar of Trog.
  7003 | D:7      | Noticed Joseph
  7004 | D:7      | Noticed Dowan
  7005 | D:7      | Noticed Duvessa
  7012 | D:7      | Killed Joseph
  7019 | D:7      | Killed Duvessa
  7023 | D:7      | Killed Dowan
  7209 | D:7      | Reached **** piety under Cheibriados
  7456 | D:7      | Found a shadowy altar of Dithmenos.
  8169 | D:8      | Found a sparkling altar of Nemelex Xobeh.
  8202 | D:8      | Reached XP level 11. HP: 97/97 MP: 10/10
  8261 | D:8      | Reached skill level 12 in Maces & Flails
  8334 | D:8      | Reached ***** piety under Cheibriados
  8771 | D:9      | Gained mutation: You are weak. (Str -2) [potion of
                  | mutation]
  8771 | D:9      | Gained mutation: Potions are less effective at restoring
                  | your health. [potion of mutation]
  8771 | D:9      | Gained mutation: Your flesh is cold resistant. (rC+)
                  | [potion of mutation]
  8772 | D:9      | Lost mutation: Your flesh is cold resistant. (rC+) [potion
                  | of mutation]
  8772 | D:9      | Lost mutation: Potions are less effective at restoring your
                  | health. [potion of mutation]
  8772 | D:9      | Lost mutation: You are weak. (Str -2) [potion of mutation]
  8772 | D:9      | Gained mutation: You have large cloven feet. [potion of
                  | mutation]
  8772 | D:9      | Gained mutation: Your flesh is cold resistant. (rC+)
                  | [potion of mutation]
  8772 | D:9      | Gained mutation: You passively dampen the noise of your
                  | surroundings. [potion of mutation]
  8948 | D:9      | Reached skill level 10 in Fighting
  8949 | D:9      | Found a staircase to the Lair.
  9139 | D:10     | Entered Level 10 of the Dungeon
  9302 | D:10     | Found a sacrificial altar of Ru.
  9515 | D:10     | Reached skill level 1 in Invocations
  9522 | D:10     | Reached ****** piety under Cheibriados
  9667 | D:10     | Engulfed by a cloud of flame

Illustrated notes

Levels and vault maps discovered:
D:1:      elethiomel_arrival_maze, layout_loops_ring,
          shapermc_ecumenical_altar_starsandcircs
D:2:      layout_basic, serial_shops, nicolae_shop_trees, minmay_close_crescents
D:3:      layout_loops_ring, xom_butterflies, mainiacjoe_overflow_alcove_1,
          minmay_between, uniq_terence
D:4:      layout_basic, mainiacjoe_overflow_brackets,
          cheibrodos_ashenzari_chains, minmay_temple_entry_glass,
          uniq_blork_the_orc
D:5:      nicolae_cairo_tiling, layout_basic, gammafunk_temple_overflow_arena,
          worldfamousw_hep_ancestral_shrine, uniq_sigmund
D:6:      layout_layer_cave, vehumet_altar_wand_db,
          mainiacjoe_overflow_alcove_4, gammafunk_temple_overflow_claw,
          serial_shops, shop, kennysheep_generic_room_7, uniq_maggie
D:7:      minmay_general_purpose_star, layout_basic, grunt_dithmenos_shadows,
          mainiacjoe_overflow_surrounded_room,
          mainiacjoe_overflow_concentric_impassable,
          chequers_serial_rivers_micro_a, uniq_prince_ribbit1, uniq_joseph,
          uniq_duvessa, uniq_menkaure
D:8:      minmay_inner_zag, layout_loops_ring, kennysheep_little_box
D:9:      layout_basic, david_lair_generic, minmay_variable_closet
D:10:     layout_irregular_city, nicolae_ru_the_path_less_chosen,
          lemuel_flamethrower_2
Temple:   nicolae_temple_ecumenical_triangle

Skill      XL: |  1  2  3  4  5  6  7  8  9 10 11 |
---------------+----------------------------------+-----
Fighting       | 4 5 6 8 9 10 | 10.5
Armour         | 4 5 6 9 10 11 | 11.8
Maces & Flails | 3 4 5 6 7 10 11 12 | 12.6
Shields        | 4 8 9 |  9.9
Dodging        | 1 2 5 6 |  6.1
Stealth        | 4 |  4.4
Invocations    | 1 |  1.4

Action                   |  1- 3 |  4- 6 |  7- 9 | 10-12 || total
-------------------------+-------+-------+-------+-------++-------
Melee: Flail             |    95 |    75 |    94 |   113 ||   377
       Headbutt          |    10 |    11 |    17 |    75 ||   113
       Whip              |       |       |       |   290 ||   290
       Kick              |       |       |       |    40 ||    40
  Use: Scroll            |       |       |    12 |     8 ||    20
       Potion            |       |       |     2 |     4 ||     6
Armor: Scale mail        |    58 |    21 |    60 |     5 ||   144
       Plate armour      |       |       |       |   161 ||   161
Dodge: Dodged            |    41 |    32 |    67 |   202 ||   342
Block: Buckler           |    27 |    20 |    37 |   102 ||   186
       Kite shield       |       |       |       |    73 ||    73
